 Dungeon Crawl Stone Soup version 0.23.2-33-g5129a83184 (webtiles) character file.

Game seed: 9822515689020243176

10025 NochnoyZador the Cruncher (level 11, -11/71 HPs)
             Began as a Gargoyle Gladiator on Aug 12, 2019.
             Was a High Priest of Okawaru.
             Killed from afar by Erolcha (36 damage)
             ... with a crystal spear
             ... on level 10 of the Dungeon.
             The game lasted 00:40:02 (9545 turns).

NochnoyZador the Cruncher (Gargoyle Gladiator)      Turns: 9545, Time: 00:40:02

Health: -11/71     AC: 26    Str: 20    XL:     11   Next: 55%
Magic:  15/15      EV:  7    Int:  9    God:    Okawaru [*****.]
Gold:   688        SH:  0    Dex: 12    Spells: 10/10 levels left

rFire    . . .     SeeInvis .   B - +3 quarterstaff (chaos)
rCold    . . .     Gourm    .   (shield currently unavailable)
rNeg     + + .     Faith    .   u - +0 plate armour
rPois    ∞         Spirit   .   c - +0 helmet
rElec    +         Reflect  .   C - +2 cloak {rPois}
rCorr    .         Harm     .   (no gloves)
MR       .....                  (no boots)
Stlth    ..........             s - amulet of rage
HPRegen  0.21/turn              l - ring of positive energy
MPRegen  0.14/turn              (no ring)

@: no status effects
A: negative energy resistance 1, electricity resistance, unbreathing,
petrification resistance, rot immunity, AC +8
a: Heroism, Finesse, Renounce Religion, Evoke Berserk Rage


You were on level 10 of the Dungeon.
You worshipped Okawaru.
Okawaru was extremely pleased with you.
You were not hungry.

You visited 2 branches of the dungeon, and saw 11 of its levels.

You collected 688 gold pieces.

Inventory:

Hand Weapons
 a - a +0 quarterstaff
 B - a +3 quarterstaff of chaos (weapon)
 N - a +4 hunting sling of freezing
 U - a +6 eveningstar
Missiles
 d - 3 throwing nets
 e - 272 stones (quivered)
 j - 107 sling bullets
 q - 88 arrows
 y - 6 tomahawks
 L - 59 bolts
 T - 6 exploding tomahawks
 V - 6 javelins
Armour
 b - a +0 leather armour
 c - a +0 helmet (worn)
 u - a +0 plate armour (worn)
 C - a +2 cloak of poison resistance (worn)
 G - a scarf of spirit shield
Jewellery
 l - a ring of positive energy (left hand)
 o - an uncursed amulet of regeneration
 s - an amulet of rage (around neck)
 v - an uncursed amulet of magic regeneration
 R - an uncursed ring of flight {unknown}
Wands
 g - a wand of flame (3)
 E - a wand of paralysis (11)
 Q - a wand of disintegration (5)
Scrolls
 h - 4 scrolls of teleportation
 k - 2 scrolls of identify
 m - 2 scrolls of blinking {unknown}
 n - 3 scrolls of immolation
 p - 2 scrolls of amnesia
 t - 3 scrolls of remove curse
 w - 2 scrolls of fear {unknown}
 x - a scroll of random uselessness {unknown}
 z - a scroll of acquirement {unknown}
 D - a scroll of magic mapping {unknown}
 I - a scroll of enchant armour {unknown}
 O - a scroll of holy word {unknown}
Potions
 i - a potion of haste
 r - 5 potions of curing
 A - a potion of flight
 F - a potion of might {unknown}
 K - 4 potions of heal wounds
 M - 2 potions of brilliance
 P - a potion of ambrosia {unknown}
Comestibles
 f - 24 rations
 S - 9 chunks of flesh


   Skills:
 + Level 9.3 Fighting
 + Level 10.4 Staves
 - Level 3.7(4.6) Slings
 + Level 4.1(4.8) Throwing
 + Level 9.0 Armour
 - Level 2.4 Dodging
 - Level 6.3 Evocations


You had 10 spell levels left.
You didn't know any spells.
Your spell library was empty.

Dungeon Overview and Level Annotations

Branches:
Dungeon (10/15)            Temple (1/1) D:6            Lair (0/6) D:9
    Orc: D:9-12

Altars:
Ashenzari
Cheibriados
Dithmenos
Elyvilon
Fedhas
Gozag
Hepliaklqana
Kikubaaqudgha
Makhleb
Nemelex Xobeh
Okawaru
Qazlal
Ru
Sif Muna
Trog
Uskayaw
Vehumet
Wu Jian
Xom
Yredelemnul
Zin
The Shining One

Annotations:
D:10 Erolcha


Innate Abilities, Weirdness & Mutations

You are resistant to torment.
Your stone body is resilient. (AC +8)
You are immune to poison.
You resist negative energy. (rN+)
You are resistant to electric shocks. (rElec)
You can survive without breathing.
You are immune to petrification.
You are immune to rotting.


Message History

Erolcha is moderately wounded.
Erolcha barely misses you. The orc warrior barely misses you.
Your plate armour prevents you from hitting Erolcha.
Erolcha is moderately wounded.
Erolcha hits you with a +0 giant spiked club!
You hit Erolcha but do no damage.
Erolcha is moderately wounded.
The orc warrior hits you with a +0 dire flail of holy wrath.
You hit Erolcha but do no damage.
Erolcha is moderately wounded.
Erolcha hits you with a +0 giant spiked club!!
The orc warrior barely misses you.
You hear a shout!
Erolcha screams, "DIE!"
Erolcha points at you and mumbles some strange words.
You resist with some effort.
Erolcha points at you and mumbles some strange words.
The crystal spear hits you!!!
Ouch! That really hurt!
You die...

...#.....#+ #)#
........## #.#
######### #.#
###.#### #......#
#o ###......#
######'##........#
......o.#.#......#
........#@#......#
........#O#......#
.......o#o#......#
........#.#......#
...>....oo#......#
........##########
#########


You could see Erolcha, an orc warrior and 2 orcs.

Vanquished Creatures
  2 two-headed ogres (D:10)
  Urug (D:10)
  Joseph (D:7)
  2 komodo dragons
  A troll (D:9)
  A hornet (D:7)
  4 hippogriffs
  3 wyverns
  A steam dragon (D:10)
  Eustachio (D:6)
  2 hungry ghosts
  A basilisk (D:9)
  Menkaure (D:5)
  2 insubstantial wisps (D:10)
  A soldier ant (D:10)
  3 orc warriors
  A swamp drake (D:9)
  3 ice beasts
  3 phantoms
  6 sky beasts
  5 ogres
  3 centaurs
  2 crocodiles (D:9)
  A big kobold (D:8)
  4 bullfrogs
  A scorpion (D:8)
  7 killer bees (D:8)
  3 howler monkeys (D:8)
  A quasit (D:9)
  6 crimson imps
  A jelly (D:5)
  A hound (D:6)
  7 orc priests
  3 bullfrog skeletons
  A centaur skeleton (D:4)
  8 orc wizards
  Crazy Yiuf (D:3)
  3 bullfrog zombies
  A centaur zombie (D:9)
  4 iguanas
  6 worker ants
  A hound zombie (D:10)
  A hound skeleton (D:7)
  A howler monkey zombie (D:5)
  12 gnolls
  14 adders
  An ooze (D:7)
  3 worms
  3 dart slugs
  11 leopard geckos
  30 orcs
  7 giant cockroaches
  6 goblins
  4 hobgoblins
  14 jackals
  6 kobolds
  9 quokkas
  2 ball pythons
  4 bats
  4 frilled lizards
  A giant cockroach zombie (D:6)
  10 rats
253 creatures vanquished.

Notes
Turn   | Place    | Note
-------+----------+-------------------------------------------
     0 | D:1      | NochnoyZador the Gargoyle Gladiator began the quest for the
                  | Orb.
     0 | D:1      | Reached XP level 1. HP: 12/12 MP: 1/1
   275 | D:1      | Reached XP level 2. HP: 17/17 MP: 2/2
   648 | D:1      | Reached XP level 3. HP: 21/21 MP: 3/3
   663 | D:1      | Reached skill level 4 in Staves
  1374 | D:2      | Reached XP level 4. HP: 25/26 MP: 4/4
  1749 | D:3      | Reached skill level 5 in Staves
  2087 | D:3      | Found a runed translucent door.
  2088 | D:3      | Noticed Crazy Yiuf
  2165 | D:3      | Reached XP level 5. HP: 24/30 MP: 5/5
  2472 | D:3      | Killed Crazy Yiuf
  2472 | D:3      | Reached skill level 6 in Staves
  2640 | D:3      | Reached XP level 6. HP: 35/35 MP: 6/6
  2845 | D:4      | Found a sparkling altar of Nemelex Xobeh.
  2858 | D:4      | Reached skill level 1 in Armour
  3024 | D:4      | Reached skill level 1 in Evocations
  3083 | D:4      | Noticed a phantom
  3131 | D:4      | Killed a phantom
  3131 | D:4      | Reached XP level 7. HP: 38/41 MP: 6/8
  3224 | D:4      | Reached skill level 7 in Staves
  3495 | D:5      | Entered Level 5 of the Dungeon
  3495 | D:5      | Found an opulent altar of Gozag.
  3696 | D:5      | Reached XP level 8. HP: 48/48 MP: 8/10
  3902 | D:5      | Noticed Menkaure
  3914 | D:5      | Killed Menkaure
  4189 | D:6      | Found a staircase to the Ecumenical Temple.
  4193 | D:6      | Noticed Eustachio
  4198 | D:6      | Reached skill level 5 in Fighting
  4205 | Temple   | Entered the Ecumenical Temple
  4214 | Temple   | Became a worshipper of Warmaster Okawaru
  4269 | D:6      | Killed Eustachio
  4422 | D:6      | Reached skill level 8 in Staves
  4475 | D:6      | Reached skill level 5 in Armour
  4475 | D:6      | Reached XP level 9. HP: 54/54 MP: 10/12
  4574 | D:6      | Found a glowing silver altar of Zin.
  4577 | D:6      | Found an ancient bone altar of Kikubaaqudgha.
  4972 | D:7      | Reached * piety under Okawaru
  5027 | D:7      | Noticed a hornet
  5039 | D:7      | Killed a hornet
  5097 | D:7      | Found a stormy altar of Qazlal.
  5098 | D:7      | Found a shimmering altar of Xom.
  5098 | D:7      | Found a burning altar of Makhleb.
  5099 | D:7      | Found a blossoming altar of Fedhas.
  5343 | D:7      | Noticed Joseph
  5363 | D:7      | Killed Joseph
  5594 | D:8      | Reached skill level 5 in Evocations
  5649 | D:8      | Reached skill level 1 in Slings
  5874 | D:8      | Reached ** piety under Okawaru
  5928 | D:8      | Reached skill level 9 in Staves
  5928 | D:8      | Reached XP level 10. HP: 62/63 MP: 12/14
  6386 | D:8      | Found a basalt altar of Yredelemnul.
  6673 | D:9      | Reached *** piety under Okawaru
  6741 | D:9      | Found a hide-covered altar of Uskayaw.
  6744 | D:9      | Noticed a +0 hand axe
  6744 | D:9      | Noticed a +0 hand axe
  6881 | D:9      | Found a staircase to the Lair.
  7147 | D:9      | Found an ornate altar of the Wu Jian Council.
  7199 | D:9      | Reached **** piety under Okawaru
  7345 | D:9      | Received a gift from Okawaru
  7857 | D:9      | Found a deep blue altar of Sif Muna.
  8195 | D:10     | Entered Level 10 of the Dungeon
  8232 | D:10     | Received a gift from Okawaru
  8458 | D:10     | Reached XP level 11. HP: 46/69 MP: 15/15
  8462 | D:10     | Noticed a two-headed ogre
  8670 | D:10     | Killed a two-headed ogre
  8670 | D:10     | Reached skill level 10 in Staves
  8745 | D:10     | Noticed a two-headed ogre
  8755 | D:10     | Killed a two-headed ogre
  9390 | D:10     | Noticed Urug
  9433 | D:10     | Killed Urug
  9433 | D:10     | Reached ***** piety under Okawaru
  9529 | D:10     | Noticed Erolcha
  9545 | D:10     | Killed from afar by Erolcha

Skill      XL: |  1  2  3  4  5  6  7  8  9 10 11 |
---------------+----------------------------------+-----
Throwing       | 2 4 |  4.1
Staves         | 4 5 6 7 8 9 10 | 10.4
Armour         | 1 3 5 6 7 9 |  9.0
Evocations     | 1 2 4 5 6 |  6.3
Fighting       | 3 4 5 7 8 9 |  9.3
Slings         | 1 3 |  3.7
Dodging        | |  2.4

Action                   |  1- 3 |  4- 6 |  7- 9 | 10-12 || total
-------------------------+-------+-------+-------+-------++-------
Melee: Quarterstaff      |   128 |   178 |   314 |   387 ||  1007
Throw: Stone             |       |       |     7 |    11 ||    18
Evoke: Wand              |       |       |       |    11 ||    11
  Use: Scroll            |       |     1 |     4 |     6 ||    11
 Stab: Sleeping          |     2 |       |       |       ||     2
       Paralysed         |       |       |     2 |    13 ||    15
       Petrified         |       |       |     4 |       ||     4
       Petrifying        |       |       |       |     2 ||     2
  Eat: Chunk             |     2 |     5 |    13 |     8 ||    28
       Ration            |       |       |     1 |     3 ||     4
Armor: Leather armour    |    49 |       |       |       ||    49
       Plate armour      |     1 |   115 |   246 |   289 ||   651
Dodge: Dodged            |    70 |    38 |    83 |   106 ||   297
